 Dungeon Crawl Stone Soup version 0.31-a0-1074-g0b22e4e0f1 (webtiles) character file.

Game seed: 13086061372876048336

22 Sweetruy1997 the Trooper (level 2, 0/25 HPs)
             Began as a Demonspawn Chaos Knight on Dec 3, 2023.
             Was a Plaything of Xom.
             Slain by an adder (4 damage)
             ... on level 2 of the Dungeon.
             The game lasted 00:02:18 (970 turns).

Sweetruy1997 the Trooper (Demonspawn Chaos Knight)   Turns: 970, Time: 00:02:18

Health: 0/25       AC:  5    Str: 12    XL:     2   Next: 68%
Magic:  2/2        EV: 11    Int: 13    God:    Xom [..*...]
Gold:   27         SH:  0    Dex: 12    Spells: 1/1 levels left

rFire   . . .        a - +0 falchion (chaos)
rCold   . . .        (no shield)
rNeg    . . .        b - +2 leather armour
rPois   .            (no helmet)
rElec   .            (no cloak)
rCorr   .            (no gloves)
SInv    .            (no boots)
Will    .....        (no amulet)
Stlth   +            (no ring)
HPRegen 0.24/turn    (no ring)
MPRegen 0.08/turn

%: no passive effects
@: lethally poisoned (0 -> -8)
A: demonic magic 1
a: Renounce Religion


You were on level 2 of the Dungeon.
You worshipped Xom.
You were a toy of Xom.
You visited 1 branch of the dungeon, and saw 2 of its levels.

You collected 27 gold pieces.

Inventory:

Hand Weapons
 a - a +0 falchion of chaos (weapon)
Armour
 b - a +2 leather armour (worn)
Scrolls
 c - a scroll of butterflies
 h - a scroll of identify {unknown}
 j - a scroll of noise {unknown}
 k - a scroll of poison {unknown}
Potions
 d - a potion of brilliance {unknown}
 e - a potion of curing {unknown}
 f - a potion of attraction {unknown}
 g - a potion of berserk rage {unknown}
 i - a potion of mutation {unknown}


   Skills:
 + Level 3.6 Fighting
 + Level 3.0 Long Blades
 + Level 1.9 Armour
 + Level 0.8 Dodging


You had one spell level left.
You didn't know any spells.
Your spell library was empty.

Dungeon Overview and Level Annotations

Branches:
Dungeon (2/15)

Altars:


Innate Abilities, Weirdness & Mutations

Spells you cast may paralyse adjacent enemies.


Message History

There is a stone staircase leading up here.
An adder comes into view.
The adder hisses angrily.
The adder moves out of view.
Found a lumpy grey potion.
An adder is nearby!
Found a stone staircase leading down.
A bat comes into view.
Found a ring mail.
You slash the adder!
The adder is severely wounded.
The adder bites you. The adder closely misses you.
You closely miss the adder.
The adder is severely wounded.
The adder bites you but does no damage.
You miss the adder.
The adder is severely wounded.
The bat hits you but does no damage. The adder bites you. x2
You are poisoned.
The adder poisons you!
You barely miss the adder.
The adder is severely wounded.
You feel sick. The bat misses you. The bat hits you but does no damage.
The adder bites you.
You are more poisoned.
The adder poisons you!
You are too injured to fight recklessly!
You are too injured to fight recklessly!
You are too injured to fight recklessly!
You closely miss the adder.
The adder is severely wounded.
You feel sick. The bat barely misses you. The adder bites you.
You are lethally poisoned!
The adder poisons you! The adder bites you.
* * * LOW HITPOINT WARNING * * *
You barely miss the adder.
The adder is severely wounded.
* * * LOW HITPOINT WARNING * * *
You feel sick. The bat hits you but does no damage. The adder bites you.
You die...

#..# # ###.. .#
###...##.#
#........#
###.....<..#
#..........#
#.###..###.#
..#.!...!#.#
#......@Sb.#
#.$........#
................
##...............
##..!...........
#..............
##........>##..
.......[... ..


You could see an adder and a bat.

Vanquished Creatures
  2 dart slugs (D:1)
  A ball python (D:1)
  3 endoplasms (D:1)
  A goblin (D:1)
  5 hobgoblins (D:1)
  A bat (D:1)
  2 frilled lizards (D:1)
  A rat (D:1)
16 creatures vanquished.

Notes
Turn   | Place    | Note
-------+----------+-------------------------------------------
     0 | D:1      | Sweetruy1997 the Demonspawn Chaos Knight began the quest
                  | for the Orb.
     0 | D:1      | Reached XP level 1. HP: 18/18 MP: 1/1
    48 | D:1      | XOM: smoke on damage
   309 | D:1      | XOM: silly message
   324 | D:1      | Gained mutation: Spells you cast may paralyse adjacent
                  | enemies. [demonic ancestry]
   324 | D:1      | Reached XP level 2. HP: 23/24 MP: 2/2
   735 | D:1      | XOM: divination: magic mapping
   798 | D:1      | XOM: silly message
   970 | D:2      | Slain by an adder

Illustrated notes

Levels and vault maps discovered:
D:1:      scummos_arrival_forest, layout_loops_corners,
          ebering_dispersal_statue_hall
D:2:      layout_rooms, chequers_serial_rivers_micro_b

Skill      XL: |  1  2 |
---------------+-------+-----
Long Blades    | 3 |  3.0
Fighting       | |  3.6
Armour         | |  1.9
Dodging        | |  0.8

Action                     || total
---------------------------++-------
  Melee: Falchion          ||    60
         Punch             ||     1
 Armour: Leather armour    ||    43
  Dodge: Dodged            ||    33

Table legend: (Time is in decaauts)
 A = Elapsed time spent in this place.
 B = Non-inter-level travel time spent in this place.
 C = Inter-level travel time spent in this place.
 D = Time resting spent in this place.
 E = Time spent auto-exploring this place.
 F = Levels seen in this place.
 G = Mean time per level.
                   A        B        C        D        E       F      G
               +--------+--------+--------+--------+--------+-----+--------+
         Total |    979 |    970 |      9 |     59 |    703 |   2 |  489.5 |
       Dungeon |    979 |    970 |      9 |     59 |    703 |   2 |  489.5 |
               +--------+--------+--------+--------+--------+-----+--------+

Top non-repeatable levels by time:
     D:1: 968 daAuts
     D:2: 11 daAuts
